 Dungeon Crawl Stone Soup version 0.21.1-1-g345015fe64 (webtiles) character file.

195 Norri the Skirmisher (level 5, -7/52 HPs)
             Began as a Minotaur Gladiator on Mar 15, 2018.
             Was an Initiate of Trog.
             Killed from afar by a steam dragon (21 damage)
             ... with a ball of steam
             ... on level 3 of the Dungeon.
             The game lasted 00:11:22 (2626 turns).

Norri the Skirmisher (Minotaur Gladiator)           Turns: 2626, Time: 00:11:22

Health: -7/52      AC:  3    Str: 18    XL:     5   Next: 45%
Magic:  4/4        EV: 13    Int:  6    God:    Trog [......]
Gold:   196        SH:  0    Dex: 12    Spells: 4/4 levels left

rFire    . . .     SeeInvis .   a - +0 long sword
rCold    . . .     Gourm    .   (no shield)
rNeg     . . .     Faith    .   b - +0 leather armour
rPois    .         Spirit   .   c - +0 hat
rElec    .         Reflect  .   (no cloak)
rCorr    .         Harm     .   (no gloves)
MR       .....                  (no boots)
Stlth    +.........             (no amulet)
HPRegen  0.17/turn              (no ring)
MPRegen  0.09/turn              (no ring)

@: no status effects
A: retaliatory headbutt, horns 2
a: Burn Spellbooks, Renounce Religion


You were on level 3 of the Dungeon.
You worshipped Trog.
Trog was noncommittal.
You were not hungry.

You visited 1 branch of the dungeon, and saw 3 of its levels.

You collected 196 gold pieces.

Inventory:

Hand Weapons
 a - a +0 long sword (weapon)
Missiles
 d - 3 throwing nets (quivered)
 h - 127 stones
Armour
 b - a +0 leather armour (worn)
 c - a +0 hat (worn)
 i - a +1 pair of boots
 v - a +0 plate armour
Jewellery
 l - an uncursed ring of protection from magic {unknown}
 t - an uncursed amulet of the gourmand {unknown}
Scrolls
 e - a scroll of immolation {unknown}
 k - 2 scrolls of random uselessness {unknown}
 o - a scroll of fog {unknown}
 p - 2 scrolls of enchant weapon {unknown}
 q - 4 scrolls of identify {unknown}
 r - a scroll of magic mapping {unknown}
 u - a scroll of teleportation {unknown}
Potions
 g - a potion of cancellation {unknown}
 j - a potion of agility {unknown}
 m - a potion of lignification {unknown}
 n - a potion of heal wounds {unknown}
 s - 2 potions of haste {unknown}
 w - 2 potions of ambrosia {unknown}
Books
 y - a book of Misfortune

   Spells                             Type                      Level
   a - Confusing Touch                Hexes                        1
   b - Confuse                        Hexes                        3
   c - Gell's Gravitas                Translocation                3
   d - Petrify                        Transmutation/Earth          4
   e - Metabolic Englaciation         Hexes/Ice                    5
   f - Yara's Violent Unravelling     Hexes/Transmutation          5
   Trog disapproves of the use of such an item.
Comestibles
 f - 6 rations
 x - 2 chunks of flesh


   Skills:
 + Level 7.0 Fighting
 - Level 3.6 Long Blades
 - Level 2.0 Throwing
 - Level 3.2 Dodging


You had 4 spell levels left.
You didn't know any spells.

Dungeon Overview and Level Annotations

Branches:
Dungeon (3/15)

Altars:
Trog


Innate Abilities, Weirdness & Mutations

You reflexively headbutt those who attack you in melee.
You have a pair of horns on your head.


Message History

Your Fighting skill increases to level 7!
The adder closely misses you.
Really walk into that cloud of steam?
You are engulfed in a cloud of scalding steam.
The orc barely misses you.
You riposte.
You slash the orc!
You kill the orc!
Trog accepts your kill.
A frilled lizard comes into view.
There is an open door here.
The steam dragon breathes steam at you. The ball of steam misses you.
You are engulfed in a cloud of scalding steam.
You are engulfed in a cloud of scalding steam.
* * * LOW HITPOINT WARNING * * *
There is an open door, spattered with blood here.
Things that are here:
a rat skeleton; a goblin skeleton The steam dragon breathes steam at you.
The ball of steam hits you!
You die...

#.....)..###.#######.# ###.###
#####.#.####.#######.# #...... #
#......<.##......# #.#.###
..##.#'#######.###### #.#.###
.........## #.# #.#....
##.##.....## #.### #.#....
#.#.......## #.#.## #......
##..........###....#######......
...........D§§@......>..<......
##...l..l.†.###....#######...(..
..#....§.§## #.#.## ####...
####..s.§## #.### ##.# ##...##
#.# #.# ##g## #.# #.# #).# #.#
#.# .P..Ps..# #.# #.# ≈.KP≈...$
#.# #.#


There were no monsters in sight!

Vanquished Creatures
  The ghost of HooM the Magician, an amateur OpWz of Kikubaaqudgha (D:3)
  An orc priest (D:3)
  3 adders
  3 worms (D:3)
  3 orcs (D:3)
  6 bats
  3 giant cockroaches
  3 goblins
  7 hobgoblins
  9 jackals
  2 quokkas (D:3)
  4 frilled lizards
  6 kobolds
  4 rats
55 creatures vanquished.

Vanquished Creatures (others)
  An adder (D:3)
1 creature vanquished.

Grand Total: 56 creatures vanquished

Notes
Turn   | Place    | Note
-------+----------+-------------------------------------------
     0 | D:1      | Norri the Minotaur Gladiator began the quest for the Orb.
     0 | D:1      | Reached XP level 1. HP: 18/18 MP: 0/0
   432 | D:1      | Reached skill level 3 in Fighting
   536 | D:1      | Reached XP level 2. HP: 23/26 MP: 1/1
   952 | D:2      | Reached skill level 4 in Fighting
   956 | D:2      | Reached XP level 3. HP: 32/33 MP: 2/2
  1482 | D:2      | Found a bloodstained altar of Trog.
  1594 | D:2      | Became a worshipper of Trog the Wrathful
  1624 | D:3      | Reached skill level 5 in Fighting
  1884 | D:3      | Reached XP level 4. HP: 41/42 MP: 3/3
  2081 | D:3      | Noticed HooM's ghost (amateur OpWz)
  2092 | D:3      | Killed HooM's ghost
  2092 | D:3      | Reached skill level 6 in Fighting
  2092 | D:3      | Reached XP level 5. HP: 13/51 MP: 4/4
  2610 | D:3      | Noticed a steam dragon
  2617 | D:3      | Reached skill level 7 in Fighting
  2626 | D:3      | Killed from afar by a steam dragon

Skill      XL: |  1  2  3  4  5 |
---------------+----------------+-----
Fighting       | 3 4 5 6 7 |  7.0
Long Blades    | |  3.6
Throwing       | |  2.0
Dodging        | |  3.2

Action                   |  1- 3 |  4- 6 || total
-------------------------+-------+-------++-------
Melee: Long sword        |    73 |    45 ||   118
       Headbutt          |    13 |     9 ||    22
  Eat: Chunk             |     2 |     3 ||     5
Armor: Leather armour    |    26 |    10 ||    36
Dodge: Dodged            |    57 |    39 ||    96
       Rpst.: Long sword |    15 |     9 ||    24
